 Dungeon Crawl Stone Soup version 0.28-a0-697-g47f3eba078 (webtiles) character file.

Game seed: 12133399062833702530

102518 omnomnOMINOUS the Fighter (level 16, 0/119 HPs)
             Began as an Octopode Wanderer on Oct 21, 2021.
             Was the Champion of the Shining One.
             Slain by an entropy weaver simulacrum (4 damage)
             ... on level 1 of the Snake Pit on Oct 23, 2021.
             The game lasted 02:10:36 (43063 turns).

omnomnOMINOUS the Fighter (Octopode Wanderer)      Turns: 43063, Time: 02:10:37

Health: 0/119      AC:  7    Str: 14    XL:     16   Next: 33%
Magic:  2/33       EV: 22    Int: 19    God:    the Shining One [******]
Gold:   27         SH: 15    Dex: 11    Spells: 2/19 levels left

rFire   + . .      SeeInvis +   b - +9 dagger "Xuibix Dee" {venom, Will+}
rCold   . . .      Faith    .   C - +0 buckler
rNeg    + + +      Spirit   .   A - +2 hat
rPois   +          Reflect  .   g - amulet of regeneration
rElec   .          Harm     .   z - ring of magical power
rCorr   +          Rampage  .   G - +4 ring of protection
Will    ++...                   L - ring of flight
Stlth   +.........              M - ring of resist corrosion
HPRegen 1.29/turn               (no ring)
MPRegen 0.23/turn               P - ring of wizardry
                                v - +4 ring of evasion
                                r - ring "Yrierosk" {rPois rF+ SInv}

@: mighty, lethally poisoned (0 -> 0), divinely shielded, on berserk cooldown,
flying, slowed, glowing, very slow
A: almost no armour, amphibious, 8 rings, camouflage 1, gelatinous body 1,
(nimble swimmer 1), tentacles
a: Renounce Religion, Divine Shield, Cleansing Flame, Summon Divine Warrior,
Brand Weapon With Holy Wrath


You were on level 1 of the Snake Pit.
You worshipped the Shining One.
The Shining One was exalted by your worship.
You visited 7 branches of the dungeon, and saw 28 of its levels.

You collected 2254 gold pieces.
You spent 2227 gold pieces at shops.

Inventory:

Hand Weapons
 b - the +9 dagger "Xuibix Dee" (weapon) {venom, Will+}
   (You found it on level 10 of the Dungeon)

   It poisons the flesh of those it strikes.
   Will:      It increases your willpower.
 c - a +1 scimitar of flaming
 d - a +1 dagger of electrocution
 e - a +1 spear of freezing
Missiles
 n - 5 atropa-tipped darts
 H - 2 curare-tipped darts (quivered)
Armour
 A - a +2 hat (worn)
 C - a +0 buckler (worn)
 I - a +0 kite shield
Magical Staves
 a - a staff of earth
Jewellery
 g - an amulet of regeneration (around mantle)
 r - the ring "Yrierosk" (on tentacle) {rPois rF+ SInv}
   (You bought it in a shop on level 2 of the Orcish Mines)

   [ring of see invisible]

   rF:        It protects you from fire.
   rPois:     It protects you from poison.
   SInv:      It lets you see invisible.
 v - a +4 ring of evasion (on tentacle)
 y - an amulet of the acrobat
 z - a ring of magical power (left tentacle)
 G - a +4 ring of protection (right tentacle)
 L - a ring of flight (on tentacle)
 M - a ring of resist corrosion (on tentacle)
 P - a ring of wizardry (on tentacle)
 T - a ring of positive energy
Wands
 f - a wand of flame (38)
 l - a wand of iceblast (47)
 w - a wand of mindburst (4)
 B - a wand of polymorph (49)
 D - a wand of paralysis (17)
 S - a wand of charming (16)
Scrolls
 j - 7 scrolls of enchant weapon
 o - a scroll of vulnerability
 p - 3 scrolls of teleportation
 q - 3 scrolls of brand weapon
 s - 4 scrolls of holy word
 t - a scroll of amnesia
 x - 3 scrolls of fog
 F - 2 scrolls of magic mapping
 K - 4 scrolls of enchant armour
Potions
 h - a potion of ambrosia
 i - 2 potions of lignification
 m - 4 potions of curing
 E - 3 potions of might
 J - 3 potions of brilliance
 N - 5 potions of attraction
Miscellaneous
 U - a piece from Xom's chessboard (15/15)


   Skills:
 + Level 14.2 Fighting
 - Level 1.0 Throwing
 + Level 14.2 Dodging
 - Level 1.3 Stealth
 - Level 4.0 Shields
 - Level 2.0 Spellcasting
 + Level 11.1 Conjurations
 - Level 3.0 Hexes
 - Level 9.0 Summonings
 - Level 1.0 Necromancy
 - Level 3.0 Transmutations
 + Level 11.1 Earth Magic
 + Level 11.3 Invocations


You had 2 spell levels left.
You knew the following spells:

 Your Spells              Type           Power      Damage    Failure   Level
a - Apportation           Tloc           2%         N/A       7%          1
b - Call Canine Familiar  Summ           36%        N/A       1%          3
c - Stone Arrow           Conj/Erth      88%        3d12      1%          3
d - Petrify               Tmut/Erth      28%        N/A       4%          4
e - Iron Shot             Conj/Erth      22%        9d5       11%         6

Your spell library contained the following spells:

 Spells                   Type           Power      Damage    Failure   Level
 Beastly Appendage        Tmut           26%        N/A       1%          1
 Magic Dart               Conj           100%       1d8       1%          1
 Summon Small Mammal      Summ           100%       N/A       1%          1
 Wereblood                Tmut           13%        N/A       3%          2
 Animate Skeleton         Necr           10%        N/A       4%          1
 Sublimation of Blood     Necr           2%         N/A       7%          2
 Dazzling Flash           Conj/Hex       56%        N/A       1%          3
 Summon Guardian Golem    Hex/Summ       24%        N/A       1%          3
 Portal Projectile        Hex/Tloc       14%        N/A       11%         3
 Spider Form              Tmut/Pois      3%         N/A       11%         3
 Irradiate                Conj/Tmut      14%        3d18      11%         5
 Summon Mana Viper        Hex/Summ       24%        N/A       16%         5
 Summon Cactus Giant      Summ           18%        N/A       26%         6
 Summon Forest            Summ/Tloc      9%         N/A       28%         5
 Ice Form                 Ice/Tmut       7%         N/A       32%         4
 Blade Hands              Tmut           6%         N/A       45%         5
 Lehudib's Crystal Spear  Conj/Erth      22%        10d6      98%         8
 Discord                  Hex            6%         N/A       100%        8
 Animate Armour           Summ/Erth      Unusable   N/A       N/A         4

Dungeon Overview and Level Annotations

Branches:
Dungeon (15/15)            Temple (1/1) D:4            Lair (6/6) D:11
  Swamp (0/4) Lair:3        Snake (2/4) Lair:3        Slime (0/5) Lair:5
    Orc (2/2) D:12            Elf (1/3) Orc:2        Vaults (0/5) D:13
 Depths (1/4) D:15

Altars:
Ashenzari
Cheibriados
Dithmenos
Elyvilon
Fedhas
Gozag
Hepliaklqana
Kikubaaqudgha
Makhleb
Nemelex Xobeh
Okawaru
Qazlal
Ru
Sif Muna
Trog
Uskayaw
Vehumet
Wu Jian
Xom
Yredelemnul
Zin
The Shining One
Beogh

Shops:
D:8 =   D:14 (   D:15 ([:   Orc:2 =*[:

Portals:
Trove: D:15 (give +6 demon trident)
Ice
Cave: Snake:1

Annotations:
D:11 1 runed translucent door, AlleluiaPinecone's ghost, journeyman TrBe
Lair:5 1 runed translucent door
Lair:6 exclusion: 3 doors


Innate Abilities, Weirdness & Mutations

You cannot wear most types of armour.
You are amphibious.
You can wear up to eight rings at the same time.
Your skin changes colour to match your surroundings (Stealth+).
Your rubbery body absorbs attacks. (AC +1, EV +1)
((You are camouflaged near water. (Stealth+)))
You have tentacles for arms and can constrict up to eight enemies at once.


Message History

You hit the entropy weaver simulacrum.
Your grab misses the entropy weaver simulacrum.
The entropy weaver simulacrum is lightly damaged.
You hear the faint crackling of a melting archway.
You feel sick. You block the black mamba's attack. x2
The naga ritualist utters an invocation to its god.
The naga ritualist begins to radiate toxic energy.
* * * LOW HITPOINT WARNING * * *
The mana viper closely misses you.
Unknown command.
You are too berserk!
You hit the dire elephant simulacrum.
The dire elephant simulacrum is severely damaged.
You feel sick. The black mamba barely misses you.
You block the entropy weaver simulacrum's attack.
The entropy weaver simulacrum misses you.
You block the entropy weaver simulacrum's attack.
The entropy weaver simulacrum completely misses you.
The lindwurm simulacrum bites you.
* * * LOW HITPOINT WARNING * * *
The lindwurm simulacrum freezes you!
* * * LOW HITPOINT WARNING * * *
You block the lindwurm simulacrum's attack.
The lindwurm simulacrum misses you.
The dire elephant simulacrum tramples you.
* * * LOW HITPOINT WARNING * * *
You hold your ground!
You block the dire elephant simulacrum's attack.
Unknown command.
You hit the dire elephant simulacrum.
The dire elephant simulacrum is severely damaged.
You are no longer berserk.
You are exhausted.
You feel yourself slow down.
* * * LOW HITPOINT WARNING * * *
The mana viper closely misses you. The black mamba closely misses you.
An alligator simulacrum comes into view.
The entropy weaver simulacrum barely misses you.
The entropy weaver simulacrum hits you.
You die...

**##****
######...,,,**
##ZZ......,,,,*
##@ZZ......,,,,*
#SSZ#.Z.∩.,,,,,**
#..##,,...,,*,,,*
#.N#**,,,.,***,,***
#..# ******* *,,,,,
#..# **,,,, #..#
*,*** #..# *****
##..# **,,**


You could see a naga ritualist (toxic aura), a mana viper, a black mamba (very
poisoned), 2 alligator simulacra, a dire elephant simulacrum, a lindwurm
simulacrum, a harpy simulacrum and an entropy weaver simulacrum.

Vanquished Creatures
  A stone giant (Depths:1)
  A fire dragon (D:14)
  A rakshasa (Depths:1)
  7 hydras
  4 boulder beetles
  An ice dragon (D:15)
  Harold (D:7)
  4 vault guards (D:13)
  Erica (D:11)
  An anaconda (Snake:1)
  4 two-headed ogres
  A catoblepas (Lair:6)
  A death knight (D:15)
  6 centaur warriors
  2 tengu warriors
  A skeletal warrior (D:15)
  Nergalle (Lair:3)
  8 orc knights
  2 deep trolls (D:15)
  A lindwurm (Lair:5)
  Pikel (D:7)
  3 deep elf pyromancers
  3 mana vipers (Snake:1)
  2 wizards
  14 ugly things
  5 cyclopes
  2 orc sorcerers
  A manticore (shapeshifter) (D:15)
  A manticore (D:15)
  15 slime creatures
  A guardian serpent (Snake:1)
  5 centaur zombies
  9 elephants
  2 torpor snails
  A naga mage (Snake:1)
  5 black mambas
  2 rime drakes
  16 cane toads
  8 komodo dragons
  A dire elephant skeleton (Lair:6)
  An unseen horror (D:12)
  Maggie (D:10)
  A kobold demonologist (D:10)
  4 freezing wraiths
  3 tengu conjurers
  5 yaktaurs (D:15)
  10 trolls
  4 meliai
  2 polar bears
  20 blink frogs
  16 dream sheep
  A meliai zombie (D:10)
  A centaur simulacrum (D:13)
  2 shadows
  4 wraiths
  6 wyverns
  Sigmund (D:2)
  Grum (Lair:1)
  4 humans (D:11)
  6 basilisks
  4 water elementals
  A vampire (D:10)
  33 yaks
  A steam dragon (Lair:5)
  7 vampire mosquitoes
  4 nagas (Lair:3)
  6 wargs
  2 acid dragons
  10 water moccasins
  A hornet zombie (D:9)
  2 ice beasts (D:13)
  40 orc warriors
  A sky beast (D:7)
  2 black bears
  9 ogres
  28 wolves
  12 centaurs
  A lemure (D:6)
  5 kobold brigands
  12 bullfrogs
  A wyvern zombie (D:7)
  2 gnoll sergeants
  3 scorpions (D:5)
  A water moccasin zombie (D:5)
  5 killer bees
  A water moccasin skeleton (D:4)
  An elephant simulacrum (Lair:6)
  2 wights (D:9)
  A vampire bat (Orc:1)
  5 electric eels
  A bullfrog zombie (D:5)
  3 howler monkeys
  14 orc priests
  A bullfrog skeleton (D:4)
  4 hounds
  A jelly (D:4)
  2 centaur skeletons
  Ijyb (D:11)
  A gnoll shaman (D:8)
  5 iguanas
  Natasha (twice) (D:2)
  24 orc wizards
  2 killer bee zombies
  A mummy (D:9)
  13 gnolls
  2 adders
  2 white imps (D:13)
  3 ufetubi
  An adder skeleton (D:4)
  2 worms (D:2)
  5 dart slugs
  104 orcs
  4 ball pythons
  7 endoplasms
  3 giant cockroaches
  5 goblins
  5 hobgoblins
  4 jackals (D:11)
  3 quokkas
  15 bats
  2 frilled lizards (D:1)
  13 kobolds
  6 rats
  A spectral goblin (D:5)
704 creatures vanquished.

Vanquished Creatures (collateral kills)
  A death knight (D:12)
  An anaconda (Snake:1)
  A centaur warrior (D:14)
  A naga ritualist (Snake:1)
  A mana viper (Snake:1)
  An orc sorcerer (Orc:2)
  A salamander (Snake:1)
  A cyclops (D:11)
  A manticore (D:14)
  A black mamba (Snake:1)
  A kobold demonologist (D:10)
  A troll (Orc:2)
  A yak (D:10)
  A naga (Snake:1)
  An acid dragon (D:9)
  2 orc warriors (Orc:2)
  An ogre (D:4)
  A centaur (D:10)
  A gnoll sergeant (D:10)
  A killer bee (D:10)
  A gnoll (D:10)
  4 orcs (Orc:2)
26 creatures vanquished.

Vanquished Creatures (others)
  A bush (Lair:2)
  72 fungi
  76 plants
  14 withered plants
163 creatures vanquished.

Grand Total: 893 creatures vanquished

Notes
Turn   | Place    | Note
-------+----------+-------------------------------------------
     0 | D:1      | omnomnOMINOUS the Octopode Wanderer began the quest for the
                  | Orb.
     0 | D:1      | omnomnOMINOUS set off with the following items: a +0 club;
                  | and the following spells available to memorise: Beastly
                  | Appendage, Magic Dart, Wereblood, Dazzling Flash, Spider
                  | Form, Ice Form
     0 | D:1      | Reached XP level 1. HP: 11/11 MP: 2/2
   412 | D:1      | Reached XP level 2. HP: 16/18 MP: 3/3
   499 | D:1      | Got Anarghilei's Handbook of Execration
   646 | D:1      | Reached skill level 1 in Dodging
   666 | D:1      | Reached skill level 1 in Fighting
   765 | D:1      | You fall into a shaft and drop 1 floor!
   922 | D:2      | Reached XP level 3. HP: 3/23 MP: 4/4
  1308 | D:2      | Noticed Natasha
  1314 | D:2      | Learned a level 3 spell: Call Canine Familiar
  1322 | D:2      | Killed Natasha
  1538 | D:2      | Reached XP level 4. HP: 21/29 MP: 5/5
  2880 | D:2      | Noticed Natasha
  2892 | D:2      | Killed Natasha
  3309 | D:2      | Noticed Sigmund
  3414 | D:3      | Found a blossoming altar of Fedhas.
  3725 | D:4      | Reached XP level 5. HP: 10/34 MP: 7/7
  4443 | D:4      | Noticed an ogre
  4627 | D:4      | Identified the +4 scale mail of the Spheres {rElec}
  5044 | D:4      | Reached XP level 6. HP: 21/42 MP: 5/9
  5048 | D:4      | Learned a level 3 spell: Stone Arrow
  5243 | D:4      | Found a staircase to the Ecumenical Temple.
  5252 | Temple   | Entered the Ecumenical Temple
  5411 | Temple   | Became a worshipper of the Shining One
  5764 | D:4      | Upgraded the game from 0.28-a0-691-gad6df49e81 to
                  | 0.28-a0-697-g47f3eba078
  5771 | D:4      | Reached skill level 1 in Earth Magic
  5856 | D:4      | Reached XP level 7. HP: 22/47 MP: 4/10
  6018 | D:4      | Found a sacrificial altar of Ru.
  6515 | D:5      | Entered Level 5 of the Dungeon
  6534 | D:5      | Learned a level 1 spell: Apportation
  7029 | D:5      | Reached XP level 8. HP: 31/54 MP: 2/11
  7292 | D:5      | Found a hazy altar of Hepliaklqana.
  7325 | D:5      | Reached * piety under the Shining One
  7723 | D:5      | Found a sparkling altar of Nemelex Xobeh.
  7797 | D:6      | Reached skill level 5 in Dodging
  7970 | D:6      | Reached skill level 5 in Fighting
  8204 | D:6      | Found a white marble altar of Elyvilon.
  8348 | D:6      | Noticed a shadow
  8354 | D:6      | Killed a shadow
  8854 | D:7      | Reached XP level 9. HP: 26/62 MP: 12/12
  9152 | D:7      | Reached skill level 5 in Conjurations
  9294 | D:7      | Noticed Pikel
  9346 | D:7      | Killed Pikel
  9347 | D:7      | Reached skill level 5 in Earth Magic
  9692 | D:7      | Noticed Harold
  9704 | D:7      | Killed Harold
  9951 | D:7      | Reached XP level 10. HP: 71/71 MP: 13/13
 10397 | D:8      | Reached skill level 1 in Summonings
 10451 | D:8      | Identified the +3 hand axe "Waliaz" {holy, SInv}
 10959 | D:8      | Found Dureth's Jewellery Shoppe.
 11731 | D:9      | Reached skill level 1 in Shields
 12093 | D:8      | Bought a +4 ring of protection for 396 gold pieces
 12165 | D:9      | Found a burning altar of Makhleb.
 12316 | D:9      | Reached ** piety under the Shining One
 13086 | D:10     | Entered Level 10 of the Dungeon
 13249 | D:10     | Noticed a kobold demonologist
 13250 | D:10     | Reached skill level 5 in Summonings
 13252 | D:10     | Killed a kobold demonologist
 13254 | D:10     | Noticed a kobold demonologist
 13378 | D:10     | Noticed Maggie
 13396 | D:10     | Killed Maggie
 13397 | D:10     | Reached XP level 11. HP: 77/77 MP: 5/14
 13820 | D:10     | Reached *** piety under the Shining One
 13922 | D:10     | Noticed a two-headed ogre
 13962 | D:10     | Noticed a sun demon
 14511 | D:10     | Killed a two-headed ogre
 14726 | D:10     | Identified the +9 dagger "Xuibix Dee" {venom, Will+}
 15340 | D:11     | Found a staircase to the Lair.
 15425 | D:11     | Found a runed translucent door.
 15436 | D:11     | Noticed a cyclops
 15448 | D:11     | Killed a cyclops
 16398 | D:11     | Reached XP level 12. HP: 48/85 MP: 15/15
 16517 | D:11     | Reached **** piety under the Shining One
 16849 | D:11     | Noticed Ijyb
 16852 | D:11     | Killed Ijyb
 16970 | D:11     | Noticed AlleluiaPinecone's ghost (journeyman TrBe)
 17231 | D:11     | Noticed Erica
 17235 | D:11     | Killed Erica
 17438 | D:12     | Noticed a death knight
 17468 | D:12     | Killed a death knight
 17843 | D:8      | Bought a ring of poison resistance for 220 gold pieces
 17907 | Lair:1   | Entered Level 1 of the Lair of Beasts
 18331 | Lair:1   | Noticed Grum
 18362 | Lair:1   | Killed Grum
 18484 | Lair:1   | You are sucked into a shaft and drop 1 floor!
 19050 | Lair:1   | Reached skill level 10 in Dodging
 19552 | Lair:2   | Reached skill level 10 in Fighting
 19883 | Lair:2   | Reached skill level 1 in Invocations
 20730 | Lair:3   | Reached XP level 13. HP: 93/93 MP: 4/16
 21239 | Lair:3   | Found a staircase to the Swamp.
 21999 | Lair:3   | Found a staircase to the Snake Pit.
 22165 | Lair:3   | Noticed Nergalle
 22176 | Lair:3   | Killed Nergalle
 24690 | Lair:4   | Reached skill level 5 in Invocations
 25252 | Lair:5   | Found a staircase to the Slime Pits.
 25846 | Lair:5   | Reached XP level 14. HP: 101/101 MP: 13/18
 26198 | Lair:5   | Found a runed translucent door.
 26742 | Lair:6   | Entered Level 6 of the Lair of Beasts
 27377 | Lair:6   | Reached skill level 10 in Conjurations
 27857 | Lair:6   | Was placed under penance by the Shining One
 27858 | Lair:6   | Reached skill level 10 in Earth Magic
 28542 | Lair:6   | Noticed a dire elephant
 28542 | Lair:6   | Noticed a dire elephant
 28715 | Lair:6   | Identified the ring "Veuc" {Wiz +Blink rN+++}
 29150 | D:2      | Killed Sigmund
 29328 | D:8      | Bought a +4 ring of evasion for 396 gold pieces
 29550 | D:12     | Was forgiven by the Shining One
 30101 | D:12     | Found a staircase to the Orcish Mines.
 30759 | Orc:1    | Entered Level 1 of the Orcish Mines
 31252 | Orc:2    | Entered Level 2 of the Orcish Mines
 31252 | Orc:2    | Found a staircase to the Elven Halls.
 33001 | Orc:2    | Reached ***** piety under the Shining One
 34323 | Orc:2    | Found Jorphosi's Book Emporium.
 34323 | Orc:2    | Found Ikoish's Antique Armour Boutique.
 34365 | Orc:2    | Found Cuare's Assorted Antiques.
 34365 | Orc:2    | Found Nodadeoj's Jewellery Boutique.
 34371 | Orc:2    | Bought a potion of heal wounds for 150 gold pieces
 34381 | Orc:2    | Bought the ring "Yrierosk" {rPois rF+ SInv} for 597 gold
                  | pieces
 34813 | Elf:1    | Entered Level 1 of the Elven Halls
 34966 | D:13     | Reached XP level 15. HP: 108/109 MP: 11/21
 35638 | D:13     | Found a gate to the Vaults.
 37029 | D:14     | Reached skill level 10 in Invocations
 37047 | D:14     | Learned a level 4 spell: Petrify
 38054 | D:14     | Found Hagrun's Weapon Shop.
 38413 | D:14     | Found a hide-covered altar of Uskayaw.
 38584 | D:15     | Entered Level 15 of the Dungeon
 38812 | D:15     | Found Xaydd's Book Boutique.
 39039 | D:15     | Reached ****** piety under the Shining One
 39171 | D:15     | Found Rini's Antique Armour Shoppe.
 39716 | D:15     | Found a staircase to the Depths.
 39720 | D:15     | Paralysed by an orc sorcerer for 5 turns
 40739 | D:15     | Found a portal to a secret trove of treasure.
 40900 | D:15     | Reached XP level 16. HP: 111/118 MP: 24/24
 41294 | Orc:2    | Bought a book of Iron for 468 gold pieces
 41301 | Orc:2    | Learned a level 6 spell: Iron Shot
 41781 | D:15     | Found Iharank's Weapon Shoppe.
 42004 | Depths:1 | Entered Level 1 of the Depths
 42939 | Snake:1  | Entered Level 1 of the Snake Pit
 43060 | Snake:1  | Found a frozen archway.
 43062 | Snake:1  | HP: 7/178 [dire elephant simulacrum (2)]
 43063 | Snake:1  | Slain by an entropy weaver simulacrum

Illustrated notes

Levels and vault maps discovered:
D:1:      shiori_arrival_maze, layout_loops_ring, ebering_dispersal_statue_hall
D:2:      layout_basic, shapermc_ecumenical_altar_hornbeckon,
          minmay_indecisive_spiral, uniq_sigmund, uniq_natasha
D:3:      layout_basic, fedhas_altar_2
D:4:      layout_loops_ring, lemuel_doored_altar,
          minmay_temple_entry_large_hall, kennysheep_potato
D:5:      layout_rooms, old_standard_altar,
          nicolae_hepliaklqana_monster_ancestors, amethyst_killhole,
          kennysheep_big_empty_room
D:6:      layout_rooms, elyvilon_altar_3
D:7:      layout_gridville, chequers_serial_rivers_micro_a, uniq_harold,
          uniq_pikel
D:8:      layout_basic, serial_shops, shop
D:9:      layout_basic, lightli_temple_of_fire, serial_undead, serial_undead_c,
          serial_undead_d, serial_undead_b, serial_undead_e,
          minmay_fractal_squares_gapless_5
D:10:     layout_basic, uniq_maggie
D:11:     erik_cavepeople, layout_layer_cave, lair_entry_dummy,
          ebering_ghost_reflecting_pool, uniq_erica
D:12:     layout_roguey, hiddenorc1_lemuel
D:13:     layout_roguey, lightli_vaults_fourway_checkpoint, serial_ice,
          serial_ice_j, serial_ice_e, serial_ice_d, serial_ice_b
D:14:     layout_big_octagon, serial_shops, kennysheep_mini,
          nicolae_uskayaw_en_pointe
D:15:     hangedman_depths_entry_civil_slaughter, layout_basic, serial_shops,
          shop_fountains, nicolae_shop_trees, shop_fountains,
          amcnicky_mini_rare_corridor_liquid, enter_trove_2
Temple:   regret_index_temple_sphere_string
Lair:1:   layout_roguey, lemuel_fruit_tree, uniq_grum
Lair:2:   layout_loops_ring
Lair:3:   layout_regular_city, swamp_mist_pool,
          minmay_snake_entry_guardpost_small, uniq_nergalle
Lair:4:   layout_regular_city
Lair:5:   layout_roguey, slime_dummy, serial_rivers,
          chequers_serial_rivers_micro_a, chequers_serial_rivers_large_a,
          chequers_serial_rivers_micro_d, chequers_serial_rivers_micro_a,
          chequers_serial_rivers_micro_a, pf_torpor_hydra, serial_bayou_shore_b,
          serial_bayou_shore_b
Lair:6:   due_jungle_book, layout_regular_city, infiniplex_staircase_pool
Snake:1:  layout_layer_cave, portal_ice_cave_entry_ice_simulacra, basic_altar,
          serial_bayou_shore_b, minmay_shop_grove, grunt_megastairs_5,
          uniq_agnes
Snake:2:  layout_gridlike, serial_shops, nicolae_take_the_stairs,
          nicolae_lakefront_shop, shop_fountains, shop, uniq_vashnia,
          uniq_nikola, uniq_aizul
Orc:1:    layout_diamond_mine, roderic_batcave, lightli_orcish_oven
Orc:2:    st_orc_town, layout_diamond_mine
Elf:1:    minmay_elf_arrival_circle, layout_loops_corners, ebering_ghost_gozag,
          serial_shops, shop, grunt_ministairs_8
Depths:1: layout_basic, serial_shops, shop, rand_demon_pan_entry_7,
          nzn_wu_jian_contemplation, hell_entry, ebering_ghost_inner_flame,
          cheibriados_altar_1, kennysheep_random_hallway, uniq_sojobo,
          uniq_saint_roka

Skill      XL: |  1  2  3  4  5  6  7  8  9 10 11 12 13 14 15 16 |
---------------+-------------------------------------------------+-----
Dodging        | 1 2 3 4 5 7 8 9 10 11 12 13 14 | 14.2
Fighting       | 1 2 3 4 5 7 8 9 10 11 12 13 14 | 14.2
Transmutations | 3 |  3.0
Spellcasting   | 2 |  2.0
Earth Magic    | 1 2 4 6 8 9 10 11 | 11.1
Conjurations   | 2 3 4 6 7 8 9 10 11 | 11.1
Summonings     | 5 7 9 |  9.0
Shields        | 3 4 |  4.0
Invocations    | 2 5 8 10 11 | 11.3
Throwing       | |  1.0
Stealth        | |  1.3
Hexes          | |  3.0
Necromancy     | |  1.0

Action                   |  1- 3 |  4- 6 |  7- 9 | 10-12 | 13-15 | 16-18 || total
-------------------------+-------+-------+-------+-------+-------+-------++-------
Melee: Club              |    54 |    55 |       |       |       |       ||   109
       Constrict         |    11 |    27 |    39 |    30 |    79 |     6 ||   192
       Tentacles         |    15 |    28 |    42 |    52 |    93 |    13 ||   243
       Dagger            |       |    65 |   218 |   255 |   414 |    35 ||   987
       Mace              |       |    12 |       |       |       |       ||    12
       Staff             |       |       |       |    37 |    14 |     2 ||    53
Throw: Throwing net      |       |       |       |     2 |     1 |       ||     3
       Dart              |       |       |       |     1 |       |       ||     1
 Cast: Call Canine Famil |       |     1 |     2 |    13 |     8 |       ||    24
       Stone Arrow       |       |       |    53 |   301 |   742 |    18 ||  1114
       Apportation       |       |       |       |     1 |       |       ||     1
       Petrify           |       |       |       |       |     4 |       ||     4
       Iron Shot         |       |       |       |       |       |    30 ||    30
Invok: Cleansing Flame   |       |       |       |       |     1 |     4 ||     5
       Divine Shield     |       |       |       |       |       |     1 ||     1
Evoke: Wand              |       |     3 |       |       |    14 |       ||    17
  Use: Scroll            |       |       |       |    13 |    19 |     5 ||    37
       Potion            |       |       |       |     3 |     7 |     5 ||    15
 Stab: Sleeping          |     4 |     7 |       |       |       |       ||    11
Armor: Skin              |     5 |     5 |    10 |    53 |    97 |     9 ||   179
Dodge: Dodged            |    32 |    69 |   118 |   317 |   657 |    94 ||  1287
Block: Buckler           |       |       |       |    76 |   176 |    42 ||   294

Table legend: (Time is in decaauts)
 A = Elapsed time spent in this place.
 B = Non-inter-level travel time spent in this place.
 C = Inter-level travel time spent in this place.
 D = Time resting spent in this place.
 E = Time spent auto-exploring this place.
 F = Levels seen in this place.
 G = Mean time per level.
                   A        B        C        D        E       F      G
               +--------+--------+--------+--------+--------+-----+--------+
         Total |  43059 |  40597 |   2462 |  14657 |  18848 |  28 | 1537.8 |
       Dungeon |  27259 |  25571 |   1688 |   9115 |  12278 |  15 | 1817.3 |
        Temple |    442 |    397 |     45 |    242 |    129 |   1 |  442.0 |
          Lair |  11101 |  10547 |    554 |   3806 |   5063 |   6 | 1850.2 |
     Snake Pit |    102 |    102 |      0 |      0 |      0 |   2 |   51.0 |
  Orcish Mines |   3959 |   3784 |    175 |   1393 |   1362 |   2 | 1979.5 |
   Elven Halls |      2 |      2 |      0 |      0 |      0 |   1 |    2.0 |
        Depths |    191 |    191 |      0 |    101 |     16 |   1 |  191.0 |
               +--------+--------+--------+--------+--------+-----+--------+

Top non-repeatable levels by time:
    D:15: 3554 daAuts
    D:11: 3132 daAuts
   Orc:2: 2840 daAuts
    D:13: 2710 daAuts
  Lair:4: 2570 daAuts
     D:2: 2361 daAuts
  Lair:3: 2130 daAuts
     D:9: 2080 daAuts
     D:4: 1941 daAuts
  Lair:6: 1844 daAuts
  Lair:2: 1740 daAuts
  Lair:5: 1697 daAuts
    D:10: 1652 daAuts
     D:7: 1631 daAuts
    D:12: 1598 daAuts
